 Dungeon Crawl Stone Soup version 0.29-a0-1052-g6990b1bffc (webtiles) character file.

Game seed: 6480681773563391719

1857 fmbfm the Covert (level 8, -3/36 HPs)
             Began as a Spriggan Enchanter on Aug 17, 2022.
             Slain by a killer bee (7 damage)
             ... on level 7 of the Dungeon.
             The game lasted 00:09:29 (5464 turns).

fmbfm the Covert (Spriggan Enchanter)               Turns: 5464, Time: 00:09:29

Health: -3/36      AC:  6    Str:  5    XL:     8   Next: 89%
Magic:  10/21      EV: 22    Int: 15    God:
Gold:   371        SH:  0    Dex: 20    Spells: 13/24 levels left

rFire   . . .      SeeInvis +   t - +1 dagger (elec)
rCold   . . .      Faith    .   (no shield)
rNeg    . . .      Spirit   .   b - +0 robe
rPois   .          Reflect  .   (helmet restricted)
rElec   .          Harm     .   z - scarf {+Inv}
rCorr   .          Rampage  .   (gloves unavailable)
Will    +....                   (boots unavailable)
Stlth   +++++.....              (no amulet)
HPRegen 0.12/turn               i - +4 ring of evasion
MPRegen 0.17/turn               f - +4 ring of protection

@: lethally poisoned (-3 -> -5), very quick
A: very small, no large weapons, unfitting armour, see invisible, speed 3, agile
1
a: Evoke Invisibility


You were on level 7 of the Dungeon.
You visited 1 branch of the dungeon, and saw 8 of its levels.

You collected 371 gold pieces.

Inventory:

Hand Weapons
 a - a +2 dagger
 k - the +10 spear of the Vine {vamp, rF+ Int+3 Stlth+}
   (You found it on level 2 of the Dungeon)

   It occasionally heals its wielder for a portion of the damage dealt when it
   wounds a living foe.
   Int:       It affects your intelligence (+3).
   rF:        It protects you from fire.
   Stlth:     It makes you more stealthy.
 t - a +1 dagger of electrocution (weapon)
Missiles
 e - 7 curare-tipped darts (quivered)
 l - 2 throwing nets
Armour
 b - a +0 robe (worn)
 z - a scarf of invisibility (worn)
Jewellery
 d - a ring of resist corrosion
 f - a +4 ring of protection (right hand)
 h - a ring of willpower
 i - a +4 ring of evasion (left hand)
 s - a +6 ring of dexterity
 y - a ring of poison resistance
Wands
 r - a wand of paralysis (27)
Scrolls
 g - 7 scrolls of poison
 n - 3 scrolls of teleportation
 p - 2 scrolls of immolation
Potions
 c - a potion of invisibility
 j - a potion of ambrosia
 m - 4 potions of curing
 o - 2 potions of lignification
 q - a potion of haste
 u - 4 potions of cancellation
 w - 2 potions of attraction {unknown}
 x - a potion of brilliance {unknown}


   Skills:
 - Level 1.1 Short Blades
 - Level 2.6 Dodging
 + Level 10.3 Stealth
 + Level 8.8 Spellcasting
 + Level 9.1 Hexes


You had 13 spell levels left.
You knew the following spells:

 Your Spells              Type           Power      Damage    Failure   Level
a - Ensorcelled Hibernat  Hex/Ice        40%        N/A       2%          2
b - Tukima's Dance        Hex            34%        N/A       1%          3
c - Dazzling Flash        Conj/Hex       40%        N/A       4%          3
d - Confusing Touch       Hex            34%        N/A       1%          3

Your spell library contained the following spells:

 Spells                   Type           Power      Damage    Failure   Level
 Inner Flame              Hex/Fire       20%        N/A       4%          3
 Beastly Appendage        Tmut           12%        N/A       11%         1
 Foxfire                  Conj/Fire      24%        2x1d5     11%         1
 Freeze                   Ice            24%        1d5       11%         1
 Passwall                 Tmut/Erth      5%         N/A       17%         2
 Wereblood                Tmut           6%         N/A       17%         2
 Conjure Flame            Conj/Fire      6%         6-21      32%         3
 Frozen Ramparts          Ice            12%        1d2       32%         3
 Spider Form              Tmut/Pois      6%         N/A       32%         3
 Stone Arrow              Conj/Erth      12%        3d7       32%         3
 Swiftness                Air            6%         N/A       32%         3
 Silence                  Hex/Air        10%        N/A       43%         5
 Animate Armour           Summ/Erth      12%        N/A       73%         4
 Flame Wave               Conj/Fire      6%         2d5       73%         4
 Hailstorm                Conj/Ice       6%         3d4       73%         4
 Ice Form                 Ice/Tmut       6%         N/A       73%         4
 Summon Ice Beast         Ice/Summ       6%         N/A       73%         4
 Agony                    Necr           6%         N/A       97%         5
 Lightning Bolt           Conj/Air       3%         1d14      97%         5
 Spellforged Servitor     Conj/Summ      3%         N/A       100%        7
 Lehudib's Crystal Spear  Conj/Erth      3%         10d2      100%        8


Dungeon Overview and Level Annotations

Branches:
Dungeon (8/15)
 Temple: D:4-7         Lair: D:8-11

Altars:
Kikubaaqudgha
Qazlal
Ru
Xom


Innate Abilities, Weirdness & Mutations

You are very small and have problems with some larger weapons.
You are too small for most types of armour.
You have supernaturally acute eyesight. (SInv)
You cover ground extremely quickly. (Speed+++)
You are agile. (Dex +4, Str/Int -1)


Message History

Confirm with . or Enter, or press ? or * to list all spells.
Aiming: Ensorcelled Hibernation (safe; 2% risk of failure)
Press: ? - help, Shift-Dir - straight line, f/p - killer bee
Aim: a killer bee (chance to affect: 62%)
The killer bee resists with significant effort.
You feel sick. The killer bee completely misses you.
The killer bee barely misses you. The killer bee misses you.
The killer bee closely misses you.
Casting: Ensorcelled Hibernation (safe; 2% risk of failure)
Confirm with . or Enter, or press ? or * to list all spells.
Aiming: Ensorcelled Hibernation (safe; 2% risk of failure)
Press: ? - help, Shift-Dir - straight line, f/p - killer bee
Aim: a killer bee (chance to affect: 62%)
The killer bee resists with significant effort.
You feel sick. The killer bee completely misses you.
The killer bee closely misses you. The killer bee completely misses you.
The killer bee barely misses you.
Casting: Ensorcelled Hibernation (safe; 2% risk of failure)
Confirm with . or Enter, or press ? or * to list all spells.
Aiming: Ensorcelled Hibernation (safe; 2% risk of failure)
Press: ? - help, Shift-Dir - straight line, f/p - killer bee
Aim: a killer bee (chance to affect: 62%)
The killer bee looks drowsy...
You feel sick.
The killer bee stings you but does no damage.
The killer bee misses you.
Unknown command.
The helpless killer bee fails to defend itself.
You stick the killer bee like a pincushion!!!
You kill the killer bee!
You feel sick. The killer bee misses you. The killer bee completely misses you.
Casting: Ensorcelled Hibernation (safe; 2% risk of failure)
Confirm with . or Enter, or press ? or * to list all spells.
Aiming: Ensorcelled Hibernation (safe; 2% risk of failure)
Press: ? - help, Shift-Dir - straight line, f - killer bee
Aim: a killer bee (chance to affect: 62%)
The killer bee resists with significant effort.
You feel sick. The killer bee closely misses you. The killer bee stings you.
* * * LOW HITPOINT WARNING * * *
The killer bee stings you!
You die...

.....# #.......# ... .....#
#.......# ... .....#
#.......# ... .....#
#.......# ...
.....###########.......+
...
....................>..####
..
.....#############.........
.....# #....yy.........
.....# +....@#.........
.....# #.....#y........
.....# #.....#.........
.....# #...(.#....(....
.....# #+###+#.........
..........####+#
..........# ..........#
..........#


You could see 2 killer bees.

Vanquished Creatures
  Sigmund (D:5)
  A water moccasin (D:5)
  A black bear (D:5)
  3 ice beasts
  An ogre (D:5)
  A centaur (D:5)
  A kobold brigand (D:6)
  2 scorpions
  2 killer bees (D:7)
  2 hounds
  5 orc priests
  3 iguanas (D:5)
  6 orc wizards
  Natasha (D:3)
  6 gnolls
  8 adders
  2 white imps
  4 worms
  A dart slug (D:1)
  13 orcs
  6 endoplasms
  2 giant cockroaches
  8 goblins
  4 hobgoblins
  3 jackals (D:1)
  5 kobolds
  4 quokkas
  5 ball pythons
  3 bats
  5 frilled lizards
  10 rats
119 creatures vanquished.

Vanquished Creatures (collateral kills)
  An ogre (D:4)
  An orc (D:4)
2 creatures vanquished.

Vanquished Creatures (others)
  A demonic plant (D:2)
1 creature vanquished.

Grand Total: 122 creatures vanquished

Notes
Turn   | Place    | Note
-------+----------+-------------------------------------------
     0 | D:1      | fmbfm the Spriggan Enchanter began the quest for the Orb.
     0 | D:1      | Reached XP level 1. HP: 9/9 MP: 5/5
   177 | D:1      | Reached XP level 2. HP: 13/13 MP: 7/7
   181 | D:1      | Learned a level 2 spell: Ensorcelled Hibernation
   684 | D:1      | You fall into a shaft and drop 1 floor!
   725 | D:2      | Reached XP level 3. HP: 14/16 MP: 3/9
   877 | D:2      | Found an ancient bone altar of Kikubaaqudgha.
  1100 | D:2      | Identified the +10 spear of the Vine {vamp, rF+ Int+3
                  | Stlth+}
  1194 | D:2      | Found a faded altar of an unknown god.
  1369 | D:2      | Learned a level 3 spell: Tukima's Dance
  1373 | D:2      | Learned a level 3 spell: Confusing Touch
  1402 | D:3      | Reached XP level 4. HP: 21/21 MP: 11/11
  1427 | D:3      | Reached skill level 5 in Hexes
  1485 | D:3      | Noticed Natasha
  1491 | D:3      | Killed Natasha
  1727 | D:3      | Got the Codex of Attacks
  1788 | D:3      | Reached XP level 5. HP: 24/24 MP: 9/13
  1801 | D:3      | Reached skill level 5 in Spellcasting
  2052 | D:4      | Reached skill level 5 in Stealth
  2150 | D:4      | Reached XP level 6. HP: 28/28 MP: 13/15
  2169 | D:4      | Reached skill level 6 in Stealth
  2845 | D:4      | Found a stormy altar of Qazlal.
  2848 | D:4      | Found a shimmering altar of Xom.
  2851 | D:4      | Found a sacrificial altar of Ru.
  3022 | D:5      | Entered Level 5 of the Dungeon
  3046 | D:5      | Reached XP level 7. HP: 32/32 MP: 17/17
  3050 | D:5      | Learned a level 3 spell: Dazzling Flash
  3088 | D:5      | Reached skill level 7 in Stealth
  3093 | D:5      | Gained mutation: You are partially covered in iridescent
                  | scales. (AC +2) [potion of mutation]
  3093 | D:5      | Gained mutation: You do not regenerate when monsters are
                  | visible. [potion of mutation]
  3094 | D:5      | Lost mutation: You do not regenerate when monsters are
                  | visible. [potion of mutation]
  3094 | D:5      | Lost mutation: You are partially covered in iridescent
                  | scales. (AC +2) [potion of mutation]
  3094 | D:5      | Gained mutation: You are clumsy. (Dex -2) [potion of
                  | mutation]
  3094 | D:5      | Gained mutation: Your flesh is heat resistant. (rF+)
                  | [potion of mutation]
  3094 | D:5      | Gained mutation: You have a pair of small antennae on your
                  | head. [potion of mutation]
  3095 | D:5      | Lost mutation: Your flesh is heat resistant. (rF+) [potion
                  | of mutation]
  3095 | D:5      | Lost mutation: You have a pair of small antennae on your
                  | head. [potion of mutation]
  3095 | D:5      | Lost mutation: You are clumsy. (Dex -2) [potion of
                  | mutation]
  3095 | D:5      | Gained mutation: You are clumsy. (Dex -2) [potion of
                  | mutation]
  3095 | D:5      | Lost mutation: You are clumsy. (Dex -2) [potion of
                  | mutation]
  3095 | D:5      | Gained mutation: You are agile. (Dex +4, Str/Int -1)
                  | [potion of mutation]
  3222 | D:5      | Noticed Sigmund
  3228 | D:5      | Killed Sigmund
  3229 | D:5      | Reached skill level 8 in Stealth
  3229 | D:5      | Reached XP level 8. HP: 36/36 MP: 20/20
  3828 | D:5      | Reached skill level 9 in Stealth
  5326 | D:7      | Reached skill level 10 in Stealth
  5464 | D:7      | Slain by a killer bee

Illustrated notes

Levels and vault maps discovered:
D:1:      lightli_arrival_isolated_outpost, layout_basic
D:2:      layout_basic, dreamdust_ecumenical_altar_sealed_demon, basic_altar
D:3:      layout_loops_cross, minmay_fractal_squares_diagonal_5, uniq_natasha
D:4:      layout_loops_ring, grunt_temple_overflow_diamond
D:5:      nicolae_cairo_tiling_very_big, layout_loops_ring, uniq_sigmund
D:6:      layout_gridville
D:7:      layout_gridville, minmay_temple_entry_hall, grunt_livestock,
          uniq_maggie, uniq_crazy_yiuf_cottage
D:8:      layout_rooms, uniq_erica, uniq_amaemon, uniq_grum

Skill      XL: |  1  2  3  4  5  6  7  8 |
---------------+-------------------------+-----
Spellcasting   | 3 4 5 6 7 8 |  8.8
Hexes          | 4 5 6 7 9 |  9.1
Stealth        | 5 6 8 10 | 10.3
Short Blades   | |  1.1
Dodging        | |  2.6

Action                   |  1- 3 |  4- 6 |  7- 9 || total
-------------------------+-------+-------+-------++-------
Melee: Dagger            |   128 |       |    10 ||   138
       Punch             |     1 |       |       ||     1
       Spear             |     5 |   115 |   109 ||   229
 Cast: Ensorcelled Hiber |    13 |     1 |    11 ||    25
       Tukima's Dance    |       |     2 |       ||     2
  Use: Scroll            |     9 |     3 |     3 ||    15
       Potion            |       |       |     4 ||     4
 Stab: Sleeping          |    17 |    21 |    20 ||    58
       Invisible         |       |       |     4 ||     4
Armor: Robe              |    27 |     6 |    12 ||    45
Dodge: Dodged            |    96 |    65 |    83 ||   244

Table legend: (Time is in decaauts)
 A = Elapsed time spent in this place.
 B = Non-inter-level travel time spent in this place.
 C = Inter-level travel time spent in this place.
 D = Time resting spent in this place.
 E = Time spent auto-exploring this place.
 F = Levels seen in this place.
 G = Mean time per level.
                   A        B        C        D        E       F      G
               +--------+--------+--------+--------+--------+-----+--------+
         Total |   4032 |   3927 |    105 |      5 |   3077 |   8 |  504.0 |
       Dungeon |   4032 |   3927 |    105 |      5 |   3077 |   8 |  504.0 |
               +--------+--------+--------+--------+--------+-----+--------+

Top non-repeatable levels by time:
     D:5: 825 daAuts
     D:4: 745 daAuts
     D:6: 650 daAuts
     D:1: 565 daAuts
     D:2: 440 daAuts
     D:3: 402 daAuts
     D:8: 237 daAuts
     D:7: 165 daAuts
